 Dungeon Crawl Stone Soup version 0.24-a0-447-ge8da920 (webtiles) character file.

Game seed: 2796913861265436383

1334 GEC the Jinx (level 8, -6/36 HPs)
             Began as a Spriggan Enchanter on June 25, 2019.
             Was an Initiate of Gozag.
             Killed by divine providence
             ... invoked by an orc priest
              (15 damage)
             ... on level 7 of the Dungeon.
             The game lasted 00:28:33 (7581 turns).

GEC the Jinx (Spriggan Enchanter)                   Turns: 7581, Time: 00:28:33

Health: -6/36      AC:  2    Str:  4    XL:     8   Next: 35%
Magic:  8/13       EV: 24    Int: 16    God:    Gozag
Gold:   323        SH:  0    Dex: 19    Spells: 3/12 levels left

rFire    . . .     SeeInvis +   C - +3 dagger (venom)
rCold    . . .     Gourm    .   (shield restricted)
rNeg     . . .     Faith    .   b - +0 robe
rPois    .         Spirit   .   (helmet restricted)
rElec    .         Reflect  .   (no cloak)
rCorr    .         Harm     .   (gloves unavailable)
MR       +....                  (boots unavailable)
Stlth    ++++......             (no amulet)
HPRegen  0.12/turn              z - ring of stealth
MPRegen  0.13/turn              B - +4 ring of slaying

@: gold aura, very quick
A: very small, unfitting armour, see invisible, herbivore, speed 3, slow
metabolism 2
a: Potion Petition, Call Merchant, Bribe Branch, Renounce Religion


You were on level 7 of the Dungeon.
You worshipped Gozag.
Gozag was aware of your devotion.
You were not hungry.

You visited 1 branch of the dungeon, and saw 7 of its levels.

You collected 410 gold pieces.
You paid 87 gold pieces to Gozag.

Inventory:

Hand Weapons
 C - a +3 dagger of venom (weapon)
Missiles
 g - 5 silver boomerangs
 n - 2 curare-tipped darts
 r - 43 poisoned darts (quivered)
 v - 2 throwing nets
Armour
 b - a +0 robe (worn)
Jewellery
 x - a +2 ring of strength
 z - a ring of stealth (left hand)
 A - an uncursed ring of magical power
 B - a +4 ring of slaying (right hand)
Wands
 y - a wand of flame (15)
Scrolls
 c - 5 scrolls of magic mapping
 l - 5 scrolls of teleportation
 m - a scroll of fear {unknown}
 o - 4 scrolls of remove curse
 p - a scroll of enchant armour {unknown}
 s - 2 scrolls of amnesia {unknown}
 t - 4 scrolls of enchant weapon {unknown}
 w - 3 scrolls of fog {unknown}
 D - a scroll of immolation {unknown}
 E - a scroll of noise {unknown}
Potions
 a - a potion of invisibility {unknown}
 e - 3 potions of curing
 f - a potion of haste
 h - 2 potions of flight
 i - 2 potions of magic
 j - a potion of mutation
 k - 2 potions of heal wounds
 q - a potion of might
 u - a potion of berserk rage {unknown}
Comestibles
 d - 7 rations


   Skills:
 - Level 3.2 Short Blades
 + Level 7.9 Dodging
 - Level 5.5 Stealth
 - Level 2.6 Spellcasting
 * Level 10.2 Hexes


You had 3 spell levels left.
You knew the following spells:

 Your Spells              Type           Power        Failure   Level  Hunger
a - Corona                Hex            ####...      1%          1    #......
b - Ensorcelled Hibernat  Hex/Ice        ###...       3%          2    ##.....
c - Tukima's Dance        Hex            ####....     1%          3    ###....
d - Dazzling Spray        Conj/Hex       ###...       7%          3    ###....

Your spell library contained the following spells:

 Spells                   Type           Power        Failure   Level  Hunger
 Confuse                  Hex            ####....     1%          3    ###....
 Beastly Appendage        Tmut           #.....       19%         1    #......
 Sticks to Snakes         Tmut           #.......     28%         2    ##.....
 Spider Form              Tmut/Pois      #.........   50%         3    ###....
 Ice Form                 Ice/Tmut       #.......     88%         4    #####..
 Blade Hands              Tmut           #.........   99%         5    ######.


Dungeon Overview and Level Annotations

Branches:
Dungeon (7/15)             Temple (0/1) D:6

Altars:
Elyvilon
Gozag
Kikubaaqudgha
Makhleb
Qazlal
Trog
Wu Jian

Shops:
D:6 [


Innate Abilities, Weirdness & Mutations

You are very small and have problems with some larger weapons.
You are too small for most types of armour.
You have supernaturally acute eyesight. (SInv)
You are a herbivore.
You cover ground extremely quickly.
You need to consume almost no food.


Message History

* * * LOW HITPOINT WARNING * * *
You hit the orc priest.
The orc priest is poisoned.
The orc priest is lightly wounded.
The orc priest barely misses you.
Casting: Ensorcelled Hibernation (safe; 3% risk of failure)
Confirm with . or Enter, or press ? or * to list all spells.
Aiming: Ensorcelled Hibernation (safe; 3% risk of failure)
Press: ? - help, Shift-Dir - straight line, f - you, p - orc priest
Okay, then.
Casting: Ensorcelled Hibernation (safe; 3% risk of failure)
Confirm with . or Enter, or press ? or * to list all spells.
Aiming: Tukima's Dance (safe; 1% risk of failure)
Press: ? - help, Shift-Dir - straight line, f/p - orc priest
Aim: an orc priest, wielding a +0 short sword and wearing a +0 leather armour (lightly wounded, poisoned, chance to defeat MR: 73%)
The +0 short sword dances into the air!
A crimson imp comes into view.
The orc priest invokes the aid of Beogh against you.
Beogh smites you!
You die...
Your body crumbles into a pile of gold.

#.# #.# #.. ##.## #.# #.# #.#
#o######...## #.# #.# ...
.ooo....O#... #.# #.# #.#
########...# #.#######.# #5#
##.## ........#.# ##.## #.#
#######.#.###...#############.#
#.#.##.###o.............###
##.#....# #@###########.....
#.###.....#.###(# #####.####
#........##....### ##.....#
##.#.........$...# #....).#
##.#.########.#.####).###.#
##..# #.....##).# #.#### #...#
#####.....##..# #..>.. .#.##
...........#[)######.. #.
.####......#..........


You could see an orc priest, a crimson imp and a friendly +0 short sword.

Vanquished Creatures
  A sky beast (D:5)
  3 orc warriors
  An ogre (D:6)
  A centaur (D:5)
  A bullfrog (D:6)
  A gnoll sergeant (D:6)
  A howler monkey (D:6)
  A quasit (D:6)
  A jelly (D:5)
  A hound (D:4)
  4 orc wizards
  An orc priest (D:5)
  3 worker ants
  A killer bee zombie (D:5)
  3 gnolls (D:6)
  8 adders
  2 shadow imps
  An ooze (D:2)
  2 adder zombies
  2 adder skeletons
  2 worms
  3 dart slugs
  3 leopard geckos
  25 orcs
  7 giant cockroaches
  4 goblins
  11 hobgoblins
  7 kobolds
  3 quokkas
  3 ball pythons
  8 bats
  5 frilled lizards
  7 rats
127 creatures vanquished.

Vanquished Creatures (collateral kills)
  An ogre (D:7)
  A gnoll (D:6)
  2 orcs (D:5)
  A quokka (D:6)
5 creatures vanquished.

Vanquished Creatures (others)
  3 dancing weapons
  A gnoll (D:7)
  A quokka (D:3)
  3 fungi (D:7)
8 creatures vanquished.

Grand Total: 140 creatures vanquished

Notes
Turn   | Place    | Note
-------+----------+-------------------------------------------
     0 | D:1      | GEC the Spriggan Enchanter began the quest for the Orb.
     0 | D:1      | Reached XP level 1. HP: 9/9 MP: 5/5
   471 | D:1      | Reached XP level 2. HP: 5/13 MP: 6/6
   721 | D:1      | Reached skill level 4 in Hexes
  1636 | D:1      | Learned a level 2 spell: Ensorcelled Hibernation
  2076 | D:2      | Reached XP level 3. HP: 16/16 MP: 1/8
  2170 | D:2      | Reached skill level 5 in Stealth
  2434 | D:2      | Found a stormy altar of Qazlal.
  2479 | D:2      | Reached XP level 4. HP: 21/21 MP: 9/9
  2571 | D:2      | Found a burning altar of Makhleb.
  2731 | D:2      | Learned a level 3 spell: Tukima's Dance
  3286 | D:3      | Reached skill level 5 in Hexes
  3404 | D:3      | Found a bloodstained altar of Trog.
  3801 | D:3      | Found a white marble altar of Elyvilon.
  4193 | D:3      | HP: 1/21 [poisoned by an adder]
  4485 | D:4      | Reached XP level 5. HP: 24/24 MP: 5/10
  4854 | D:4      | Found an ornate altar of the Wu Jian Council.
  5254 | D:5      | Entered Level 5 of the Dungeon
  5260 | D:5      | Noticed a sky beast
  5263 | D:5      | Killed a sky beast
  5263 | D:5      | Reached skill level 6 in Hexes
  5263 | D:5      | Reached XP level 6. HP: 28/28 MP: 11/11
  5629 | D:5      | HP: 1/28 [killer bee zombie (8)]
  5768 | D:5      | Reached skill level 5 in Dodging
  5768 | D:5      | Reached skill level 7 in Hexes
  6041 | D:5      | Reached XP level 7. HP: 32/32 MP: 12/12
  6420 | D:6      | Reached skill level 8 in Hexes
  6572 | D:6      | Found an ancient bone altar of Kikubaaqudgha.
  6598 | D:6      | Reached skill level 9 in Hexes
  6700 | D:6      | Found an opulent altar of Gozag.
  6726 | D:6      | Became a worshipper of Gozag Ym Sagoz the Greedy
  6843 | D:5      | Learned a level 3 spell: Dazzling Spray
  7009 | D:6      | Reached XP level 8. HP: 36/36 MP: 7/13
  7189 | D:6      | Found Ruhehei's Antique Armour Emporium.
  7264 | D:6      | Found a staircase to the Ecumenical Temple.
  7472 | D:7      | Reached skill level 10 in Hexes
  7581 | D:7      | Killed from afar by an orc priest

Levels and vault maps discovered:
D:1:      shiori_arrival_elements, layout_basic, st_stairs_7,
          minmay_fountain_box, minmay_bisected
D:2:      layout_loops_ring, grunt_qazlal_clouds,
          nicolae_overflow_hidden_temple, eino_tiny_chamber,
          wander_ebering_terrifying_dragon_lair
D:3:      layout_loops_cross, nicolae_overflow_crystal_walls, elyvilon_altar_4
D:4:      layout_loops_cross, kennysheep_mini_moat
D:5:      layout_basic, first_ration, grunt_decor_one_mirror,
          kennysheep_small_spiral
D:6:      layout_rooms, kennysheep_mini,
          nicolae_gozag_cash_rules_everything_around_me, temple_hall,
          serial_shops, nicolae_shop_overgrown_old_shop
D:7:      layout_loops_ring, grunt_temple_overflow_holy_war,
          lemuel_doored_altar, fedhas_altar_3, nicolae_ru_sacrificial_ziggurat

Skill      XL: |  1  2  3  4  5  6  7  8 |
---------------+-------------------------+-----
Hexes          | 4 5 6 7 9 10 | 10.2
Short Blades   | 2 3 |  3.2
Stealth        | 5 |  5.5
Dodging        | 4 5 7 |  7.9
Spellcasting   | |  2.6

Action                   |  1- 3 |  4- 6 |  7- 9 || total
-------------------------+-------+-------+-------++-------
Melee: Dagger            |   126 |   140 |    69 ||   335
Throw: Dart              |       |     8 |       ||     8
 Cast: Corona            |     5 |     1 |       ||     6
       Ensorcelled Hiber |    11 |    47 |    16 ||    74
       Tukima's Dance    |       |     4 |     8 ||    12
       Dazzling Spray    |       |       |     2 ||     2
  Use: Scroll            |       |     9 |     1 ||    10
       Potion            |       |     1 |       ||     1
 Stab: Sleeping          |    16 |    41 |    13 ||    70
       Distracted        |     1 |     1 |     1 ||     3
       Invisible         |       |       |     2 ||     2
  Eat: Ration            |       |     4 |     1 ||     5
Armor: Robe              |    18 |     8 |     3 ||    29
Dodge: Dodged            |    88 |   111 |    36 ||   235

Table legend:
 A = Non-vault XP
 B = Vault XP
 C = Vault XP percentage of total XP
 D = Non-vault monster count
 E = Vault monster count
 F = Vault count percentage of total count
                 A         B        C        D         E       F
            +---------+---------+-------+---------+---------+-------
      Total |    1898 |       9 |   0.5 |     127 |       5 |   3.8
            +---------+---------+-------+---------+---------+-------
        D:1 |      32 |       6 |  15.8 |      18 |       4 |  18.2
        D:2 |      99 |       3 |   2.9 |      25 |       1 |   3.8
        D:3 |      44 |       0 |   0.0 |      20 |       0 |   0.0
        D:4 |      99 |       0 |   0.0 |       6 |       0 |   0.0
        D:5 |     559 |       0 |   0.0 |      26 |       0 |   0.0
        D:6 |     848 |       0 |   0.0 |      24 |       0 |   0.0
        D:7 |     217 |       0 |   0.0 |       8 |       0 |   0.0
            +---------+---------+-------+---------+---------+-------
